 Dungeon Crawl Stone Soup version 0.29.1-2-gbd0b4ee654 (webtiles) character file.

Game seed: 2924081555580735092

708 MisterFreud the Twirler (level 8, -5/58 HPs)
             Began as a Formicid Gladiator on Nov 10, 2022.
             Slain by a gnoll
             ... wielding a +0 halberd
             ... led by a gnoll bouda
              (12 damage)
             ... on level 5 of the Dungeon.
             The game lasted 00:05:03 (5604 turns).

MisterFreud the Twirler (Formicid Gladiator)        Turns: 5604, Time: 00:05:04

Health: -5/58      AC:  3    Str: 18    XL:     8   Next: 0%
Magic:  8/8        EV: 15    Int:  9    God:
Gold:   249        SH:  0    Dex: 29    Spells: 7/7 levels left

rFire   . . .      SeeInvis +   o - +3 lajatang (vamp)
rCold   . . .      Faith    .   (no shield)
rNeg    . . .      Spirit   .   b - +0 leather armour
rPois   .          Reflect  .   (helmet unavailable)
rElec   .          Harm     .   (no cloak)
rCorr   .          Rampage  .   (no gloves)
Will    .....                   (no boots)
Stlth   ++........              (no amulet)
HPRegen 0.19/turn               n - +6 ring of dexterity
MPRegen 0.11/turn               p - +6 ring of dexterity

@: no status effects
A: permanent stasis, dig shafts and tunnels, antennae 3, four strong arms
a: Dig, Shaft Self


You were on level 5 of the Dungeon.
You visited 1 branch of the dungeon, and saw 6 of its levels.

You collected 249 gold pieces.

Inventory:

Hand Weapons
 a - a +0 quarterstaff of flaming
 o - a +3 vampiric lajatang (weapon)
Missiles
 c - 3 throwing nets (quivered)
 d - a javelin
 f - 4 boomerangs
Armour
 b - a +0 leather armour (worn)
Jewellery
 e - a ring of ice
 n - a +6 ring of dexterity (left hand)
 p - a +6 ring of dexterity (right hand)
 r - a ring of magical power
Scrolls
 k - a scroll of immolation
 l - a scroll of amnesia
 q - a scroll of magic mapping
 t - a scroll of poison {unknown}
Potions
 g - 2 potions of curing
 h - 2 potions of attraction
 i - a potion of heal wounds {unknown}
 j - a potion of brilliance {unknown}
 m - a potion of magic {unknown}
 s - a potion of lignification {unknown}


   Skills:
 - Level 3.5 Fighting
 + Level 7.4 Staves
 - Level 3.2 Throwing
 - Level 3.5 Dodging


You had 7 spell levels left.
You didn't know any spells.
Your spell library contained the following spells:

 Spells                   Type           Power      Damage    Failure   Level
 Slow                     Hex            0%         N/A       43%         1
 Confusing Touch          Hex            0%         N/A       82%         3
 Summon Guardian Golem    Hex/Summ       0%         N/A       82%         3
 Vampiric Draining        Necr           0%         2d6       82%         3
 Orb of Destruction       Conj           0%         9d5       100%        7
 Spellforged Servitor     Conj/Summ      0%         N/A       100%        7


Dungeon Overview and Level Annotations

Branches:
Dungeon (6/15)
 Temple: D:4-7

Altars:

Annotations:
D:5 Dowan, Duvessa


Innate Abilities, Weirdness & Mutations

You cannot be hasted, slowed, berserked, paralysed or teleported.
You can dig through walls and to a lower floor.
You have a pair of large antennae on your head. (SInv)
Your four strong arms can wield two-handed weapons with a shield.


Message History

Duvessa freezes you.
The gnoll bouda barks out a call to the hunt!
The gnolls pick up the pace!
The gnoll shouts!
You barely miss Duvessa.
Duvessa is moderately wounded.
Duvessa closely misses you. The gnoll completely misses you.
Dowan says, "My weaknesses are her strengths!"
Dowan gestures wildly while chanting.
Dowan blinks!
You hit Duvessa but do no damage.
Duvessa is moderately wounded.
The gnoll hits you from afar with a +0 halberd!
Duvessa hits you with a +0 short sword of freezing!
Duvessa freezes you.
You hit Duvessa but do no damage.
Duvessa is moderately wounded.
Duvessa misses you. The gnoll completely misses you.
Unknown command.
You barely miss Duvessa.
Duvessa is moderately wounded.
Duvessa hits you with a +0 short sword of freezing.
Duvessa freezes you. The gnoll misses you.
You hit Duvessa.
Duvessa is heavily wounded.
Duvessa hits you with a +0 short sword of freezing.
* * * LOW HITPOINT WARNING * * *
Duvessa freezes you.
* * * LOW HITPOINT WARNING * * *
The gnoll closely misses you.
Dowan says, "Magic and the sword, together, will defeat you."
Are you sure you want to shaft yourself?
Duvessa hits you with a +0 short sword of freezing!
* * * LOW HITPOINT WARNING * * *
Duvessa freezes you.
* * * LOW HITPOINT WARNING * * *
The gnoll closely misses you.
You begin to dig a shaft.
You continue digging a shaft.
The gnoll hits you from afar with a +0 halberd!
You die...

###......#....# ##.....####รท
#......#...... .#.......#...
#.....#....#####.....<.....#.
#................8....)8..##
####..........................
#............#...##..8.8......
............g#................
...........g##...#..#...^.....
###....#...ge@.# ##...........
##.####..g#### ###..........
## #..#### ##.........?##
#..##.###....##....### ###
#.....#.#..###..##....
#.####...#......# ##.......
##..#..#.##.....####...#.#..
#........#.............###..
#..##..........#.......# .


You could see Duvessa, a gnoll bouda and 2 gnolls.

Vanquished Creatures
  Eustachio (D:4)
  Menkaure (D:5)
  A scorpion (D:5)
  A wight (D:4)
  A quasit (D:4)
  A hound (D:4)
  3 iguanas
  8 adders
  A shadow imp (D:4)
  A white imp (D:4)
  5 ufetubi (D:4)
  4 worms
  4 dart slugs
  4 orcs
  5 ball pythons
  12 bats
  6 endoplasms
  2 giant cockroaches
  8 goblins
  7 hobgoblins
  2 quokkas
  4 frilled lizards
  10 kobolds
  4 rats
96 creatures vanquished.

Vanquished Creatures (others)
  4 demonic plants (D:4)
4 creatures vanquished.

Grand Total: 100 creatures vanquished

Notes
Turn   | Place    | Note
-------+----------+-------------------------------------------
     0 | D:1      | MisterFreud the Formicid Gladiator began the quest for the
                  | Orb.
     0 | D:1      | Reached XP level 1. HP: 16/16 MP: 1/1
   332 | D:1      | Reached XP level 2. HP: 22/23 MP: 2/2
   649 | D:1      | Reached XP level 3. HP: 25/28 MP: 3/3
  1048 | D:2      | HP: 1/28 [rat (1)]
  1531 | D:2      | Reached XP level 4. HP: 31/34 MP: 4/4
  2913 | D:3      | Reached XP level 5. HP: 41/41 MP: 5/5
  4007 | D:4      | Identified a scroll of acquirement
  4007 | D:4      | Acquired a +1 vampiric lajatang
  4108 | D:4      | Reached skill level 4 in Staves
  4108 | D:4      | Reached XP level 6. HP: 28/47 MP: 6/6
  4231 | D:4      | Noticed Eustachio
  4268 | D:4      | You fall into a shaft and drop 2 floors!
  4487 | D:6      | Noticed a black bear
  4509 | D:5      | Entered Level 5 of the Dungeon
  4515 | D:5      | Reached skill level 5 in Staves
  5008 | D:4      | Killed Eustachio
  5009 | D:4      | Reached skill level 6 in Staves
  5009 | D:4      | Reached XP level 7. HP: 26/52 MP: 7/7
  5309 | D:5      | Noticed Menkaure
  5321 | D:5      | Killed Menkaure
  5322 | D:5      | Reached skill level 7 in Staves
  5556 | D:5      | Reached XP level 8. HP: 58/58 MP: 8/8
  5586 | D:5      | Noticed Duvessa
  5587 | D:5      | Noticed Dowan
  5604 | D:5      | Slain by a gnoll

Illustrated notes

Levels and vault maps discovered:
D:1:      ncdulo_wetmaze, layout_loops_ring
D:2:      minmay_skewed_foursquare, layout_basic
D:3:      layout_loops_corners
D:4:      layout_basic, serial_demonic, serial_demonic_e, serial_demonic_g,
          serial_demonic_b, serial_demonic_f, serial_demonic_e,
          serial_demonic_b, serial_demonic_f, serial_demonic_a,
          kennysheep_generic_room_2, uniq_eustachio
D:5:      layout_cave_pools, minmay_temple_entry_wispy, serial_shops, shop,
          grunt_ministairs_9, chequers_serial_rivers_micro_e, uniq_duvessa,
          uniq_menkaure
D:6:      wander_river, layout_basic, serial_shops, nicolae_diamond_shop,
          shop_statue, shop_fountains

Skill      XL: |  1  2  3  4  5  6  7 |
---------------+----------------------+-----
Dodging        | 3 |  3.5
Fighting       | 3 |  3.5
Throwing       | 3 |  3.2
Staves         | 4 6 7 |  7.4

Action                   |  1- 3 |  4- 6 |  7- 9 || total
-------------------------+-------+-------+-------++-------
Melee: Quarterstaff      |    72 |    99 |       ||   171
       Punch             |       |     1 |       ||     1
       Lajatang          |       |    60 |    26 ||    86
 Abil: Shaft Self        |       |     1 |     1 ||     2
  Use: Scroll            |     4 |     8 |     1 ||    13
 Stab: Sleeping          |       |     2 |     2 ||     4
Armor: Leather armour    |    25 |    56 |     3 ||    84
Dodge: Dodged            |    70 |   140 |    14 ||   224
